 Dungeon Crawl Stone Soup version 0.31-a0-664-g902f515a81 (webtiles) character file.

Game seed: 5647364995254355570

95 LobsterGuardian the Shooter (level 4, -2/23 HPs)
             Began as a Spriggan Hunter on Sept 2, 2023.
             Killed from afar by an orc wizard (9 damage)
             ... with a puff of flame
             ... on level 4 of the Dungeon.
             The game lasted 00:05:44 (1940 turns).

LobsterGuardian the Shooter (Spriggan Hunter)       Turns: 1940, Time: 00:05:45

Health: -2/23      AC:  4    Str:  7    XL:     4   Next: 40%
Magic:  5/5        EV: 18    Int: 10    God:
Gold:   185        SH:  0    Dex: 20    Spells: 3/3 levels left

rFire   . . .        a - +0 shortbow
rCold   . . .        (shield currently unavailable)
rNeg    . . .        l - +0 robe {Will+}
rPois   .            (helmet restricted)
rElec   .            (no cloak)
rCorr   .            (gloves unavailable)
SInv    +            (boots unavailable)
Will    ++...        (no amulet)
Stlth   ++           (no ring)
HPRegen 0.23/turn    (no ring)
MPRegen 0.09/turn

%: no passive effects
@: enlightened, flying, very quick
A: very small, no large weapons, unfitting armour, see invisible, speed 3,
iridescent scales 1, high MP 1, wild magic 1
a: no special abilities


You were on level 4 of the Dungeon.
You visited 1 branch of the dungeon, and saw 4 of its levels.

You collected 185 gold pieces.

Inventory:

Hand Weapons
 a - a +0 shortbow (weapon)
Armour
 l - a +0 robe of willpower (worn)
Scrolls
 b - a scroll of butterflies
 e - a scroll of vulnerability
 g - a scroll of fog {unknown}
 h - 2 scrolls of blinking {unknown}
 i - a scroll of teleportation {unknown}
 k - a scroll of silence
 n - a scroll of enchant weapon {unknown}
Potions
 d - a potion of magic
 f - 3 potions of might
 j - 2 potions of mutation


   Skills:
 + Level 2.2 Fighting
 * Level 5.4 Ranged Weapons
 + Level 3.0 Dodging
 + Level 1.9 Stealth


You had 3 spell levels left.
You didn't know any spells.
Your spell library contained the following spells:

 Spells                   Type           Power      Damage    Failure   Level
 Foxfire                  Conj/Fire      0%         2x1d4     45%         1
 Cigotuvi's Dreadful Rot  Necr/Pois/Air  0%         N/A       58%         2
 Ignite Poison            Fire/Tmut/Pois 0%         N/A       82%         3
 Olgreb's Toxic Radiance  Pois           0%         N/A       99%         4
 Freezing Cloud           Conj/Ice/Air   0%         6-21      100%        5
 Plasma Beam              Fire/Air       0%         2x1d10    100%        6
 Starburst                Conj/Fire      0%         6d3       100%        6
 Discord                  Hex            0%         N/A       100%        8
 Ignition                 Fire           0%         3d3       100%        8


Dungeon Overview and Level Annotations

Branches:
Dungeon (4/15)
 Temple: D:4-7

Altars:


Innate Abilities, Weirdness & Mutations

You are very small and have problems with some larger weapons.
You are too small for most types of armour.
You have supernaturally acute eyesight. (SInv)
You cover ground extremely quickly. (Speed+++)
You are partially covered in iridescent scales. (AC +2)
You have an increased reservoir of magic. (+10% MP)
Your spells are a little harder to cast, but a little more powerful.


Message History

The arrow hits the orc.
You kill the orc!
The orc barely misses you.
You shoot an arrow. The arrow closely misses the orc.
The orc misses you.
You shoot an arrow. The arrow barely misses the orc wizard.
The orc wizard points at you and mumbles some strange words.
The puff of flame hits you! The orc misses you.
You shoot an arrow.
The arrow closely misses the orc wizard.
The orc wizard misses you. The orc hits you with a +0 hand axe.
You shoot an arrow.
The arrow closely misses the orc wizard.
The orc wizard gestures at you while chanting.
The puff of flame hits you. The orc hits you with a +0 hand axe.
Unknown command.
The orc hits you with a +0 hand axe.
* * * LOW HITPOINT WARNING * * *
There is a stone staircase leading up, spattered with blood here.
Unknown command.
It was a potion of curing.
You feel better. The orc closely misses you.
The orc wizard completely misses you.
It was a potion of enlightenment.
You feel very buoyant.
You fly up into the air.
The orc hits you but does no damage. The orc wizard closely misses you.
You are too injured to fight recklessly!
You shoot an arrow. The arrow barely misses the orc wizard.
You shoot an arrow.
The arrow hits the orc wizard but does no damage.
The orc wizard hits you with a +0 dagger.
You shoot an arrow.
The arrow hits the orc wizard but does no damage.
You feel your willpower return. The orc hits you with a +0 hand axe.
The orc wizard barely misses you.
You shoot an arrow. The arrow hits the orc wizard!
The orc wizard is severely wounded.
The orc hits you but does no damage. The orc wizard casts a spell at you.
The puff of flame hits you!
You die...

### ...
#(# #.#
#.# ##.##
#.@o#
#...#o..#
#.#...###
# ...##
..## #..
#.. #..


You could see an orc wizard and an orc.

Vanquished Creatures
  2 adders (D:3)
  5 worms
  A dart slug (D:1)
  An orc (D:4)
  8 bats
  4 endoplasms (D:1)
  2 giant cockroaches (D:2)
  6 hobgoblins
  2 jackals (D:2)
  2 quokkas
  7 ball pythons
  7 frilled lizards
  6 goblins
  2 kobolds (D:2)
  8 rats
63 creatures vanquished.

Notes
Turn   | Place    | Note
-------+----------+-------------------------------------------
     0 | D:1      | LobsterGuardian the Spriggan Hunter began the quest for the
                  | Orb.
     0 | D:1      | Reached XP level 1. HP: 10/10 MP: 2/2
   121 | D:1      | Reached XP level 2. HP: 14/14 MP: 3/3
   659 | D:1      | Gained mutation: Your spells are a little harder to cast,
                  | but a little more powerful. [potion of mutation]
   659 | D:1      | Gained mutation: You are partially covered in iridescent
                  | scales. (AC +2) [potion of mutation]
   659 | D:1      | Gained mutation: You have an increased reservoir of magic.
                  | (+10% MP) [potion of mutation]
   693 | D:1      | Reached XP level 3. HP: 18/18 MP: 4/4
   858 | D:2      | Reached skill level 5 in Ranged Weapons
  1360 | D:3      | Reached XP level 4. HP: 23/23 MP: 5/5
  1573 | D:3      | Noticed a scorpion
  1940 | D:4      | Killed from afar by an orc wizard

Illustrated notes

Levels and vault maps discovered:
D:1:      psy_arrival_heroes, layout_loops_ring
D:2:      layout_basic
D:3:      layout_loops_cross
D:4:      layout_loops_ring, serial_shops, nicolae_shop_tiny_waterfront

Skill      XL: |  1  2  3 |
---------------+----------+-----
Dodging        | 3 |  3.0
Ranged Weapons | 5 |  5.4
Fighting       | 2 |  2.2
Stealth        | |  1.9

Action                     |  1- 3 |  4- 6 || total
---------------------------+-------+-------++-------
   Fire: Shortbow          |   126 |    54 ||   180
    Use: Scroll            |     4 |     1 ||     5
         Potion            |     1 |     2 ||     3
 Armour: Robe              |     6 |    15 ||    21
  Dodge: Dodged            |    22 |    27 ||    49

Table legend: (Time is in decaauts)
 A = Elapsed time spent in this place.
 B = Non-inter-level travel time spent in this place.
 C = Inter-level travel time spent in this place.
 D = Time resting spent in this place.
 E = Time spent auto-exploring this place.
 F = Levels seen in this place.
 G = Mean time per level.
                   A        B        C        D        E       F      G
               +--------+--------+--------+--------+--------+-----+--------+
         Total |   1296 |   1247 |     49 |      0 |    941 |   4 |  324.0 |
       Dungeon |   1296 |   1247 |     49 |      0 |    941 |   4 |  324.0 |
               +--------+--------+--------+--------+--------+-----+--------+

Top non-repeatable levels by time:
     D:1: 467 daAuts
     D:3: 414 daAuts
     D:2: 398 daAuts
     D:4: 16 daAuts
